 Dungeon Crawl Stone Soup version 0.19.0-19-g8c6edcc (webtiles) character file.

86 inmateoo the Twirler (level 4, 0/52 HPs)
             Began as a Formicid Gladiator on Nov 13, 2016.
             Slain by a bullfrog (2 damage)
             ... on level 6 of the Dungeon.
             The game lasted 00:01:54 (644 turns).

inmateoo the Twirler (Formicid Gladiator)            Turns: 644, Time: 00:01:55

Health: 0/52       AC: 22    Str: 21    XL:     4   Next: 77%
Magic:  4/4        EV:  2    Int:  7    God:
Gold:   41         SH:  0    Dex: 11    Spells: 0 memorised, 3 levels left

rFire  . . .     SeeInvis .     a - +0 quarterstaff
rCold  . . .     Gourm    .     (armour currently unavailable)
rNeg   + + +     Faith    .     (no shield)
rPois  +         Spirit   .     (helmet unavailable)
rElec  .         Reflect  .     (cloak currently unavailable)
rCorr  .         Harm     .     (gloves currently unavailable)
MR     .....                    (boots currently unavailable)
Stlth  +.........               (no amulet)
                                (no ring)
                                (no ring)

@: tree-form (expiring)
A: permanent stasis, dig shafts and tunnels, four strong arms, (antennae 0)
a: no special abilities


You were on level 6 of the Dungeon.
You were not hungry.
You were a tree.
You visited 1 branch of the dungeon, and saw 5 of its levels.

You collected 41 gold pieces.

Inventory:

Hand Weapons
 a - a +0 quarterstaff (weapon)
Missiles
 c - 3 throwing nets (quivered)
Armour
 l - a +0 scale mail (melded)
Scrolls
 b - a scroll of teleportation {unknown}
 e - a scroll of random uselessness {unknown}
 f - a scroll of blinking {unknown}
 g - 2 scrolls of identify {unknown}
 k - a scroll of remove curse {unknown}
Potions
 h - 2 potions of magic
Comestibles
 d - a bread ration
 j - a beef jerky


   Skills:
 + Level 3.0 Fighting
 * Level 4.0 Staves
 - Level 2.0 Throwing
 + Level 1.8 Armour
 + Level 3.0 Dodging


You had 3 spell levels left.
You didn't know any spells.

Dungeon Overview and Level Annotations

Branches:
Dungeon (4/15)
 Temple: D:4-7

Altars:

Annotations:
D:3 tomat's ghost, novice TrMo


Innate Abilities, Weirdness & Mutations

You are under a permanent stasis effect.
You can dig through walls and to a lower floor.
Your four strong arms can wield two-handed weapons with a shield.
((You have a pair of large antennae on your head. (SInv)))


Message History

The bullfrog barely misses you. The bullfrog hits you.
* * * LOW HITPOINT WARNING * * *
You closely miss the bullfrog.
The bullfrog is heavily wounded.
The bullfrog hits you but does no damage.
The bullfrog hits you.
* * * LOW HITPOINT WARNING * * *
You hit the bullfrog.
The bullfrog is heavily wounded.
The bullfrog hits you.
* * * LOW HITPOINT WARNING * * *
You closely miss the bullfrog.
The bullfrog is heavily wounded.
Your transformation is almost over.
The bullfrog hits you but does no damage. x2
You closely miss the bullfrog.
The bullfrog is heavily wounded.
The bullfrog hits you but does no damage.
The bullfrog hits you.
You die...

#.........#
#.........###
#.....<.....
#.........#
#.........#
#.........#
#.........#
#F# #♣# #.#
#.### #..<#
###.# #.# #.#
#.# #.#


You could see a bullfrog.

Vanquished Creatures
  A bullfrog (D:6)
  An ooze (D:1)
  A dart slug (D:1)
  3 goblins (D:1)
  2 hobgoblins (D:1)
  2 jackals (D:3)
  A quokka (D:3)
  A frilled lizard (D:3)
  2 rats (D:1)
14 creatures vanquished.

Notes
Turn   | Place    | Note
-------+----------+-------------------------------------------
     0 | D:1      | inmateoo the Formicid Gladiator began the quest for the Orb.
     0 | D:1      | Reached XP level 1. HP: 16/16 MP: 1/1
    36 | D:1      | Reached XP level 2. HP: 23/23 MP: 2/2
   288 | D:3      | Reached XP level 3. HP: 24/28 MP: 3/3
   301 | D:3      | Noticed tomat's ghost (novice TrMo)
   315 | D:3      | You fall through a shaft for 3 floors!
   618 | D:6      | Noticed a bullfrog
   619 | D:6      | Noticed a bullfrog
   627 | D:6      | Killed a bullfrog
   627 | D:6      | Reached skill level 4 in Staves
   627 | D:6      | Reached skill level 1 in Armour
   627 | D:6      | Reached XP level 4. HP: 18/35 MP: 4/4
   642 | D:6      | HP: 2/52 [bullfrog (1)]
   644 | D:6      | Slain by a bullfrog

Skill      XL: |  1  2  3 |
---------------+----------+-----
Fighting       | 3 |  3.0
Staves         | 4 |  4.0
Armour         | 1 |  1.8
Dodging        | 3 |  3.0
Throwing       | |  2.0

Action                   |  1- 3 |  4- 6 || total
-------------------------+-------+-------++-------
Melee: Quarterstaff      |    35 |    15 ||    50
 Abil: Shaft Self        |     1 |       ||     1
  Use: Potion            |       |     2 ||     2
Armor: Leather armour    |     3 |       ||     3
       Scale mail        |    10 |     3 ||    13
       Skin              |       |    13 ||    13
Dodge: Dodged            |    20 |     4 ||    24
